 Dungeon Crawl Stone Soup version 0.30.1-3-gfc49f6343a (webtiles) character file.

Game seed: 13899384695671247546

875 ExZ the Covered (level 7, -3/65 HPs)
             Began as an Armataur Warper on Aug 4, 2023.
             Was an Initiate of Yredelemnul.
             Slain by an ogre
             ... wielding a +0 giant club
              (31 damage)
             ... on level 5 of the Dungeon.
             The game lasted 00:17:21 (8821 turns).

ExZ the Covered (Armataur Warper)                   Turns: 8821, Time: 00:17:22

Health: -3/65      AC: 15    Str: 21    XL:     7   Next: 74%
Magic:  11/13      EV:  5    Int: 14    God:    Yredelemnul [......]
Gold:   169        SH:  0    Dex:  9    Spells: 12/14 levels left

rFire   + + .        z - +0 hand axe (flame)
rCold   x . .        (no shield)
rNeg    . . .        v - +0 fire dragon scales
rPois   .            w - +1 hat {Stlth+}
rElec   .            (no cloak)
rCorr   .            (no gloves)
SInv    +            E - +0 barding
Will    .....        t - amulet of Wonder {Faith Str+3} Stlth
                     y - ring of see invisible
HPRegen 0.30/turn    (no ring)
MPRegen 0.13/turn

%: roll, faith
@: on blink cooldown
A: large, rugged brown scales 3, deformed body, armoured tail, roll, long
tongue, awkward tongue
a: Renounce Religion, Recall Undead Harvest


You were on level 5 of the Dungeon.
You worshipped Yredelemnul.
Yredelemnul was noncommittal.
You visited 2 branches of the dungeon, and saw 6 of its levels.

You collected 169 gold pieces.

Inventory:

Hand Weapons
 a - a +0 falchion
 z - a +0 hand axe of flaming (weapon)
Missiles
 d - 5 boomerangs of dispersal (quivered)
 G - 3 boomerangs
 I - a silver boomerang
Armour
 b - a +0 leather armour
 e - a +0 ring mail
 v - +0 fire dragon scales (worn)
 w - a +1 hat of stealth (worn)
 E - a +0 barding (worn)
Jewellery
 t - the amulet of Wonder (around neck) {Faith Str+3}
   (You found it on level 2 of the Dungeon)

   [amulet of faith]

   It allows you to gain divine favour quickly.
   Str:       It affects your strength (+3).
 y - a ring of see invisible (left hand)
Wands
 h - a wand of mindburst (6)
Scrolls
 c - a scroll of blinking
 g - 3 scrolls of torment
 k - 2 scrolls of silence
 m - a scroll of amnesia {unknown}
 n - 4 scrolls of brand weapon {unknown}
 o - 2 scrolls of teleportation {unknown}
 p - a scroll of magic mapping {unknown}
 s - 2 scrolls of enchant armour {unknown}
 u - a scroll of immolation {unknown}
 x - a scroll of fear {unknown}
 A - 2 scrolls of butterflies {unknown}
 B - 2 scrolls of vulnerability {unknown}
 D - a scroll of noise {unknown}
 F - 3 scrolls of identify
Potions
 f - a potion of cancellation
 j - a potion of berserk rage {unknown}
 l - a potion of flight {unknown}
 q - 2 potions of mutation {unknown}
 r - 3 potions of might
 C - 2 potions of degeneration {unknown}
 H - a potion of lignification {unknown}


   Skills:
 + Level 5.5 Fighting
 - Level 1.7 Long Blades
 - Level 0.8 Throwing
 + Level 6.1 Armour
 - Level 1.3 Dodging
 - Level 4.0 Spellcasting
 - Level 3.0 Translocations


You had 12 spell levels left.
You knew the following spells:

 Your Spells              Type           Power      Damage    Failure   Level
a - Blink                 Tloc           22%        N/A       26%         2

Your spell library contained the following spells:

 Spells                   Type           Power      Damage    Failure   Level
 Lesser Beckoning         Tloc           22%        N/A       26%         2
 Teleport Other           Tloc           11%        N/A       45%         3
 Freeze                   Ice            8%         1d3       52%         1
 Ensorcelled Hibernation  Hex/Ice        4%         N/A       65%         2
 Vhi's Electric Charge    Tloc/Air       14%        N/A       67%         3
 Manifold Assault         Tloc           11%        N/A       86%         4
 Frozen Ramparts          Ice            4%         1d1       87%         3
 Hailstorm                Conj/Ice       2%         3d3       87%         3
 Spider Form              Tmut/Pois      2%         N/A       87%         3
 Anguish                  Hex/Necr       1%         N/A       99%         4


Dungeon Overview and Level Annotations

Branches:
Dungeon (5/15)             Temple (1/1) D:5

Altars:
Ashenzari
Cheibriados
Dithmenos
Gozag
Hepliaklqana
Kikubaaqudgha
Makhleb
Okawaru
Qazlal
Sif Muna
Uskayaw
Wu Jian
Yredelemnul
Zin
The Shining One

Shops:
D:5 [

Annotations:
D:5 2 transporters


Innate Abilities, Weirdness & Mutations

You are completely covered in rugged brown scales. (AC +3, +7% HP)
Armour fits poorly on your strangely shaped body.
You have a long armoured tail.
You roll when moving toward enemies. (Rampage)
Your long tongue fully drains potion bottles. (2x potion effects)
Your tongue gives you trouble enunciating. (1.5x scroll delay)


Message History

You slash the ogre! You burn the ogre.
The ogre is severely wounded.
The ogre hits you with a +0 giant club!
Unknown command.
The ogre attacks as you move away! The ogre hits you with a +0 giant club!
* * * LOW HITPOINT WARNING * * *
Unknown command.
Casting: Blink (dangerous; 26% risk of failure)
Confirm with . or Enter, or press ? or * to list all spells.
You blink.
Unknown command.
Unknown command.
You feel better.
You slurp down every last drop of the potion of curing!
Unknown command.
Casting: Blink (dangerous; 26% risk of failure)
Confirm with . or Enter, or press ? or * to list all spells.
You are still too unstable to blink.
Unknown command.
Unknown command.
Okay, then.
Okay, then.
Unknown command.
Unknown command.
Throw: 6 boomerangs (disperse)
Press: ? - help, Q - select action, (/) - cycle Shift-Dir - straight line, f - ogre
Aim: an ogre, wielding a +0 giant club (severely wounded, 72% to hit)
You throw a boomerang of dispersal.
The boomerang of dispersal hits the ogre and shatters, but does no damage.
The ogre is severely wounded.
The ogre hits you with a +0 giant club!!
* * * LOW HITPOINT WARNING * * *
Unknown command.
Unknown command.
Unknown command.
You feel better.
You slurp down every last drop of the potion of curing!
The ogre hits you with a +0 giant club!!
You die...
Your body rises from the dead as a mindless zombie.

#####.# #...#.#
.#.#.#.# #############
#.#.#.#.#
#.....@.....###.#.#.#.#
#.....O.....+.>.#.#.#.#
#...........##.........
#####+#.........#.##...
#.#..........+...
#.#.......#.##...
#.#####...#.##### #..
#...#.# ### #...#.#


You could see an ogre.

Vanquished Creatures
  Sigmund (D:5)
  An orc warrior (D:5)
  3 scorpions
  3 hounds
  5 orc priests
  An iguana (D:5)
  3 orc wizards
  4 adders
  A shadow imp (D:5)
  2 dart slugs
  2 worms
  6 orcs
  5 endoplasms
  2 giant cockroaches
  3 goblins
  4 hobgoblins
  2 quokkas
  7 ball pythons
  3 bats
  3 frilled lizards
  5 kobolds
  5 rats
71 creatures vanquished.

Vanquished Creatures (others)
  An adder zombie (D:5)
  An orc zombie (D:4)
2 creatures vanquished.

Grand Total: 73 creatures vanquished

Notes
Turn   | Place    | Note
-------+----------+-------------------------------------------
     0 | D:1      | ExZ the Armataur Warper began the quest for the Orb.
     0 | D:1      | Reached XP level 1. HP: 18/18 MP: 3/3
   260 | D:1      | Reached XP level 2. HP: 26/26 MP: 4/4
   876 | D:1      | Learned a level 2 spell: Blink
  1326 | D:2      | Reached XP level 3. HP: 33/33 MP: 5/5
  1589 | D:2      | Identified the amulet of Wonder {Faith Str+3}
  6030 | D:3      | Reached XP level 4. HP: 36/42 MP: 6/6
  6467 | D:4      | Noticed a scorpion
  6539 | D:4      | Killed a scorpion
  6540 | D:4      | Reached skill level 3 in Armour
  6540 | D:4      | Reached XP level 5. HP: 44/49 MP: 5/8
  6858 | D:4      | Reached skill level 4 in Armour
  7144 | D:4      | Found a glowing golden altar of the Shining One.
  7159 | D:4      | Found a shadowy altar of Dithmenos.
  7187 | D:5      | Entered Level 5 of the Dungeon
  7341 | D:5      | Found a transporter.
  7358 | D:5      | Noticed Sigmund
  7364 | D:5      | Killed Sigmund
  7365 | D:5      | Reached XP level 6. HP: 55/55 MP: 8/11
  7602 | D:5      | Found an iron altar of Okawaru.
  7616 | D:5      | Found Tohuni's Antique Armour Boutique.
  7859 | D:5      | Found a transporter.
  7860 | D:5      | Noticed an orc warrior
  7874 | D:5      | Killed an orc warrior
  7875 | D:5      | Reached XP level 7. HP: 59/64 MP: 13/13
  7878 | D:5      | Reached skill level 5 in Armour
  8026 | D:5      | Found a burning altar of Makhleb.
  8040 | D:5      | Reached skill level 5 in Fighting
  8084 | D:5      | Found a staircase to the Ecumenical Temple.
  8114 | Temple   | Entered the Ecumenical Temple
  8370 | Temple   | Became a worshipper of Yredelemnul the Dark
  8790 | D:5      | Reached skill level 6 in Armour
  8821 | D:5      | Slain by an ogre

Illustrated notes

Levels and vault maps discovered:
D:1:      lemuel_arrival_room, layout_loops_corners, minmay_misc_feat_enclosed,
          hangedman_abyss_or_decor_lesser_grid
D:2:      layout_loops_cross
D:3:      layout_loops_cross
D:4:      layout_loops_ring, nicolae_overflow_hidden_temple
D:5:      gammafunk_cloud_chamber, layout_basic, general_overflow_altar,
          makhleb_heckhound_becter, minmay_temple_entry_offerings, serial_shops,
          shop, uniq_sigmund
Temple:   bh_familiar_temple

Skill      XL: |  1  2  3  4  5  6  7 |
---------------+----------------------+-----
Fighting       | 2 3 4 5 |  5.5
Armour         | 3 4 6 |  6.1
Spellcasting   | 2 3 4 |  4.0
Long Blades    | |  1.7
Throwing       | |  0.8
Dodging        | |  1.3
Translocations | |  3.0

Action                     |  1- 3 |  4- 6 |  7- 9 || total
---------------------------+-------+-------+-------++-------
  Melee: Falchion          |   118 |    14 |       ||   132
         Tailslap          |    14 |    12 |     9 ||    35
         Hand axe          |       |    64 |    89 ||   153
         Punch             |       |     1 |       ||     1
  Throw: Boomerang         |       |     9 |     1 ||    10
   Cast: Blink             |       |     3 |     1 ||     4
  Evoke: Wand              |       |     6 |       ||     6
    Use: Potion            |       |     1 |     2 ||     3
         Scroll            |       |     4 |       ||     4
 Armour: Ring mail         |    28 |       |       ||    28
         Leather armour    |     1 |       |       ||     1
         Fire dragon scale |    24 |    57 |    80 ||   161
  Dodge: Dodged            |    38 |    20 |    13 ||    71
